 Dungeon Crawl Stone Soup version 0.15-a0-2246-gfd41422 (webtiles) character file.

52811 Chiseanne the Eclecticist (level 14, -1/85 HPs)
             Began as a Demonspawn Fire Elementalist on July 26, 2014.
             Was the Champion of Sif Muna.
             Slain by a sun demon (11 damage)
             ... summoned by the player character
             ... on Level 14 of the Dungeon.
             The game lasted 02:55:56 (29222 turns).

Chiseanne the Eclecticist (DsFE)                   Turns: 29222, Time: 02:55:56

HP  -1/85        AC 13     Str 13      XL: 14   Next: 28%
MP   0/36        EV 11     Int 23      God: Sif Muna [******]
Gold 1875        SH  2     Dex 15      Spells: 10 memorised,  0 levels left

rFire  . . .     SeeInvis +     s - +3 falchion "Globulus" {slice, +Blink MR+ SInv}
rCold  . . .     Clarity  .     m - +3 troll leather armour {Purgy}
rNeg   + + .     rCorr    .     (no shield)
rPois  .         rRot     .     x - +0 helmet {Int+3}
rElec  .         Spirit   +     N - +0 cloak (curse)
SustAb .         Warding  +     B - +0 pair of gloves of Follow the Leader {Str+4 Stlth+}
rMut   .         Stasis   .     d - +0 pair of boots
Gourm  .                        I - amulet of warding
MR     ++...                    H - ring of wizardry
                                b - ring of positive energy

@: very resistant to hostile enchantments, fairly stealthy
A: talons 2, large bone plates 1, demonic guardian 1, magic shield, magic
regeneration, magic link
a: Channel Energy, Forget Spell, Renounce Religion, Evoke Blink


You were on level 14 of the Dungeon.
You worshipped Sif Muna.
Sif Muna was exalted by your worship.
You were very hungry.

You visited 4 branches of the dungeon, and saw 27 of its levels.
You also visited: Volcano.

You collected 3530 gold pieces.
You spent 1655 gold pieces at shops.

Inventory:

Hand weapons
 s - the +3 falchion "Globulus" (weapon) {slice, +Blink MR+ SInv}
   (You bought it in a shop on level 4 of the Orcish Mines)

   It inflicts extra damage upon your enemies.
   It affects your resistance to hostile enchantments.
   It enhances your eyesight.
   It lets you blink.
Armour
 d - a +0 pair of boots (worn)
 m - a +3 troll leather armour (worn) {Purgy}
 x - a +0 helmet of intelligence (worn)
 B - the +0 pair of gloves of Follow the Leader (worn) {Str+4 Stlth+}
   (You found it on level 3 of the Lair of Beasts)

   It affects your strength (+4).
   It makes you more stealthy.
 N - a cursed +0 cloak (worn)
Magical devices
 p - a wand of hasting (2)
 u - a wand of cold (4)
 A - a wand of draining (8)
 E - a wand of disintegration (5)
 G - a wand of digging (0)
 O - a wand of fire (8)
Comestibles
 c - 10 bread rations
 h - 3 meat rations
 j - 4 royal jellies
 C - a beef jerky
 D - a rotting chunk of iguana flesh
Scrolls
 i - 8 scrolls of teleportation
 k - 3 scrolls of fog
 o - 3 scrolls of fear
 z - 3 scrolls of blinking
 L - a scroll of silence
 Q - 4 scrolls of remove curse
 W - 5 scrolls of vulnerability
Jewellery
 b - a ring of positive energy (left hand)
 l - an uncursed ring of see invisible
 H - a ring of wizardry (right hand)
 I - an amulet of warding (around neck)
Potions
 e - 9 potions of curing
 g - 3 potions of haste
 n - a potion of cancellation
 q - 2 potions of invisibility
 r - a potion of agility
 t - 4 potions of heal wounds
 M - 6 potions of resistance
 P - a potion of magic
 V - 4 potions of restore abilities
 Z - 2 potions of flight
Books
 a - a book of Fire {god gift}

   Spells                             Type                      Level
   Ignite Poison                      Fire/Transmutation           5
   *Fireball                          Conjuration/Fire             5
   Bolt of Fire                       Conjuration/Fire             6
   Delayed Fireball                   Conjuration/Fire             7
   Ring of Flames                     Charms/Fire                  7
 f - a book of Ice

   Spells                             Type                      Level
   Metabolic Englaciation             Hexes/Ice                    5
   Ozocubu's Refrigeration            Ice                          6
   Bolt of Cold                       Conjuration/Ice              6
   Freezing Cloud                     Conjuration/Ice/Air          6
   Simulacrum                         Ice/Necromancy               6
Miscellaneous
 v - an ornate deck of summonings
 w - a crystal ball of energy


   Skills:
 - Level 1.7 Dodging
 - Level 1.7 Stealth
 * Level 15.7 Spellcasting
 - Level 6.4 Conjurations
 * Level 14.4 Summonings
 - Level 8.0 Fire Magic


You couldn't memorise any spells.
You knew the following spells:

 Your Spells              Type           Power        Failure   Level  Hunger
a - Summon Lightning Spi  Summ/Air       ######..     1%          4    None
b - Summon Ice Beast      Ice/Summ       ######..     1%          4    None
c - Monstrous Menagerie   Summ           ######....   1%          6    ####...
d - Summon Demon          Summ           ######....   1%          5    None
e - Summon Greater Demon  Summ           ######....   4%          7    ######.
f - Iskenderun's Mystic   Conj           #####...     1%          4    None
g - Call Canine Familiar  Summ           ######..     1%          3    None
h - Conjure Flame         Conj/Fire      ######..     1%          3    None
i - Inner Flame           Hex/Fire       #####...     1%          3    None
j - Fireball              Conj/Fire      ######....   2%          5    None


Dungeon Overview and Level Annotations

Branches:
Dungeon (14/15)            Temple (1/1) D:5             Orc (4/4) D:11
    Elf (0/3) Orc:4          Lair (8/8) D:10         Shoals (0/5) Lair:4
  Snake (0/5) Lair:3        Slime (0/6) Lair:8       Vaults (0/5) D:13

Altars:
Ashenzari
Cheibriados
Dithmenos
Elyvilon
Fedhas
Gozag
Kikubaaqudgha
Makhleb
Nemelex Xobeh
Okawaru
Qazlal
Sif Muna
Trog
Vehumet
Xom
Yredelemnul
Zin
The Shining One
Beogh

Shops:
D:4 %   D:5 [   D:11 =   Orc:1 }   Orc:2 (   Orc:4 }[((

Annotations:
D:2 exclusion: downstairs
D:4 ghwc's ghost, average SpVM


Innate Abilities, Weirdness & Mutations

You have razor-sharp toenails.
You are partially covered in large bone plates (AC +2, SH +2).
A weak demonic guardian rushes to your aid.
When hurt, damage is shared between your health and your magic reserves.
You regenerate magic rapidly.
When low on magic, you restore magic in place of health.


Message History

The arrow misses your hellwing. The arrow closely misses you.
The arrow hits your lindwurm. The sun demon hits you!!
You are engulfed in flames!
* * * LOW HITPOINT WARNING * * *
The centaur warrior shoots an arrow.
The arrow hits your hellwing.
Your hellwing gestures at the sun demon.
The sun demon resists with almost no effort.
Your smoke demon hits the sun demon but does no damage.
Your smoke demon misses the sun demon.
Your smoke demon hits the sun demon but does no damage.
You swap places.
Your quasit bites the centaur.
Your quasit closely misses the centaur.
Your quasit claws the centaur.
The centaur unwields an uncursed glowing shortbow.
The centaur closely misses your hellwing.
Your lindwurm bites the sun demon!
Your lindwurm claws the sun demon.
Your lindwurm barely misses the sun demon.
The sun demon hits you!
* * * LOW HITPOINT WARNING * * *
You are engulfed in flames!
You die...

..####################...........
..# .........############# ..#
.........# ..# .c.?......# ..#
c..)..)..# ..# ....cc...+ ..#
########..##453.#
#####......#..##k3(.#
....#..#...#...H@H..##########
....#..#...#.................#
....#..#...#................<####
....#..#...#..........!..........
....#..#...#.....................
....#..#.>.#.....................
....'......#.....................
#####......#'####################
.................................


You could see a centaur warrior, a sun demon, a centaur, 2 friendly manticores,
a friendly lindwurm, a friendly hellwing, a friendly smoke demon and a friendly
quasit.

Vanquished Creatures
  An ogre mage (Volcano)
  Erolcha (D:8)
  An ice devil (Lair:8)
  An unseen horror (D:10)
  A harpy (Lair:6)
  A manticore (D:10)
  2 hill giants
  The ghost of ThermosAquaticus the Spear-Bearer, an experienced MfSu (D:5)
  A black mamba (Lair:3)
  Prince Ribbit (D:7)
  A hydra skeleton (D:10)
  3 two-headed ogres
  A wyvern (D:10)
  Eustachio (D:5)
  Menkaure (D:6)
  A hippogriff (D:8)
  3 porcupines
  2 orc warriors
  Purgy (D:3)
  5 water moccasins
  9 ice beasts
  A crocodile (D:12)
  6 ogres
  4 centaurs
  2 big kobolds
  8 giant frogs
  2 scorpions
  9 wights
  2 yak skeletons (D:10)
  2 jellies (D:8)
  3 crimson imps
  2 goliath beetles
  3 hounds
  5 orc priests
  A soldier ant zombie (D:10)
  3 iguanas
  6 orc wizards
  Natasha (thrice) (D:5)
  10 worker ants
  9 gnolls
  A scorpion zombie (D:8)
  2 shadow imps
  A giant mite (D:5)
  17 adders
  An orc skeleton (D:8)
  A white imp (D:5)
  6 ufetubi
  2 worms
  An adder zombie (D:5)
  An iguana skeleton (D:8)
  An adder skeleton (D:9)
  5 giant geckos
  3 oozes
  32 orcs
  A ball python (D:3)
  4 giant cockroaches
  14 goblins
  11 hobgoblins
  8 quokkas
  13 bats
  A giant gecko skeleton (D:5)
  5 giant newts
  A giant newt skeleton (D:5)
  A hobgoblin skeleton (D:5)
  17 kobolds
  2 orc zombies
  A quokka zombie (D:5)
  13 rats
  4 fungi
  3 plants
293 creatures vanquished.

Vanquished Creatures (collateral kills)
  A Shadow Fiend (D:14)
  Rupert (Lair:3)
  Donald (Orc:3)
  An orc warlord (Orc:4)
  4 vault guards (D:13)
  A rakshasa (D:14)
  12 hydras
  Harold (Lair:2)
  A centaur warrior (D:13)
  13 death yaks (Lair:8)
  A deep troll shaman (Lair:8)
  A tengu warrior (D:11)
  The ghost of ThermosAquaticus the Spear-Bearer, an experienced MfSu of Cheibriados (Lair:2)
  2 orc high priests (Orc:4)
  The ghost of primenumbers3 the Ducker, an experienced OpFi of Trog (D:9)
  A catoblepas (Lair:8)
  A sun demon (Orc:3)
  2 unseen horrors
  5 hill giants
  An ice devil (Orc:4)
  A flayed ghost (D:13)
  A harpy (Lair:6)
  2 orc knights
  A statue (Volcano)
  3 orc sorcerers (Orc:4)
  2 manticores (D:14)
  A griffon (Lair:7)
  A cyclops (D:13)
  2 smoke demons (Orc:4)
  A centaur zombie (D:13)
  14 elephants
  6 black mambas
  A tormentor (Lair:1)
  Joseph (Lair:1)
  4 iron devils
  3 gargoyles
  An item mimic (Lair:5)
  2 orange demons
  Psyche (Orc:3)
  A centaur skeleton (D:14)
  8 spiny frogs
  A kobold demonologist (D:12)
  A hellwing (D:14)
  8 komodo dragons
  A yaktaur (D:14)
  A two-headed ogre (D:12)
  3 trolls
  3 polar bears
  A blue devil (D:14)
  A slime creature (Lair:8)
  2 boulder beetles
  2 ravens (D:11)
  22 blink frogs
  A trapdoor spider (D:12)
  5 wraiths (D:13)
  2 basilisks
  4 fire bats
  2 wyverns
  37 yaks
  11 hippogriffs
  25 ugly things
  3 deep elf magi
  An elf zombie (D:14)
  A wandering mushroom (Lair:7)
  12 wolves
  A hungry ghost (D:8)
  5 vampire mosquitoes (D:13)
  A mottled dragon (D:14)
  5 water moccasins
  3 wargs
  28 orc warriors
  3 nagas (Lair:3)
  3 porcupines
  5 sky beasts
  5 ice beasts
  2 phantoms (D:11)
  A black bear (D:10)
  8 centaurs
  A boring beetle (Lair:8)
  8 crocodiles
  Duvessa (D:9)
  8 ogres
  A brain worm (D:13)
  13 giant frogs
  3 scorpions
  A wight (D:8)
  An eye of draining (D:14)
  4 killer bees (D:10)
  2 electric eels
  6 crimson imps
  Dowan (D:9)
  10 jellies
  6 lava snakes (Volcano)
  2 giant frog zombies (D:11)
  8 iguanas
  4 hounds
  24 orc priests
  15 orc wizards
  3 worker ants
  9 sheep
  A mummy (D:13)
  6 adders
  5 gnolls
  48 green rats
  A shadow imp (D:11)
  12 white imps (D:13)
  An ufetubus (Lair:8)
  A giant gecko (D:8)
  129 orcs
  6 bats
  8 hobgoblins
  3 kobolds
  4 quokkas
  7 goblins
  2 bushes (Lair:8)
  41 fungi
  33 plants
768 creatures vanquished.

Vanquished Creatures (others)
  A balrug (D:14)
  A soul eater (D:14)
  8 lindwurms
  A sun demon (Lair:7)
  10 harpies
  6 manticores
  2 sixfirhies
  2 orange demons
  2 smoke demons
  2 iron devils
  A hellwing (D:13)
  3 red devils
  3 blue devils (Orc:4)
  A vampire (D:14)
  A deep elf mage (D:12)
  4 ynoxinuls
  5 neqoxecs
  A sky beast (D:12)
  13 ice beasts
  2 lightning spires
  16 crimson imps
  16 iron imps
  15 quasits
  3 hounds (D:6)
  3 shadow imps
  17 white imps
  61 ufetubi
  An orc zombie (Orc:4)
  10 fungi (Lair:8)
  4 plants (Lair:8)
215 creatures vanquished.

Grand Total: 1276 creatures vanquished

Notes
Turn   | Place    | Note
--------------------------------------------------------------
     0 | D:1      | Chiseanne, the Demonspawn Fire Elementalist, began the quest for the Orb.
     0 | D:1      | Reached XP level 1. HP: 13/13 MP: 3/3
   690 | D:2      | Gained mutation: When hurt, damage is shared between your health and your magic reserves. [demonic ancestry]
   690 | D:2      | Reached XP level 2. HP: 19/19 MP: 4/4
  1009 | D:2      | Reached skill level 3 in Spellcasting
  1009 | D:2      | Gained mutation: A weak demonic guardian rushes to your aid. [demonic ancestry]
  1009 | D:2      | Reached XP level 3. HP: 11/24 MP: 0/7
  1764 | D:3      | Noticed Purgy
  1880 | D:3      | Learned a level 2 spell: Throw Flame
  1884 | D:3      | Learned a level 3 spell: Conjure Flame
  1923 | D:3      | Gained mutation: You regenerate magic rapidly. [demonic ancestry]
  1923 | D:3      | Reached XP level 4. HP: 30/30 MP: 7/10
  2450 | D:3      | Killed Purgy
  2450 | D:3      | Reached skill level 4 in Spellcasting
  2450 | D:3      | Reached XP level 5. HP: 35/35 MP: 7/13
  2769 | D:4      | Found Troklu's Food Shoppe.
  2778 | D:4      | Bought a beef jerky for 18 gold pieces
  2778 | D:4      | Bought a slice of pizza for 18 gold pieces
  3037 | D:4      | Noticed an ice beast
  3051 | D:4      | Noticed ghwc's ghost (average SpVM)
  3063 | D:4      | Killed an ice beast
  3063 | D:4      | Reached XP level 6. HP: 33/41 MP: 6/16
  3343 | D:4      | Reached skill level 5 in Spellcasting
  3359 | D:4      | Learned a level 3 spell: Inner Flame
  3365 | D:4      | Learned a level 5 spell: Fireball
  3400 | D:5      | Entered Level 5 of the Dungeon
  3508 | D:5      | Found a white marble altar of Elyvilon.
  3658 | D:5      | Found a glowing silver altar of Zin.
  3658 | D:5      | Found a snail-covered altar of Cheibriados.
  3659 | D:5      | Found a glowing golden altar of the Shining One.
  3661 | D:5      | Found a basalt altar of Yredelemnul.
  3846 | D:5      | Noticed Natasha
  3850 | D:5      | Killed Natasha
  3884 | D:5      | Reached XP level 7. HP: 38/46 MP: 6/19
  3929 | D:5      | Noticed Natasha
  3934 | D:5      | Killed Natasha
  3981 | D:5      | Noticed Natasha
  3986 | D:5      | Killed Natasha
  4141 | D:5      | Found Sitas Igg's Antique Armour Shop.
  4145 | D:5      | Bought an embroidered robe for 14 gold pieces
  4220 | D:5      | Noticed Eustachio
  4262 | D:5      | Killed Eustachio
  4262 | D:5      | Reached skill level 6 in Spellcasting
  4262 | D:5      | Reached skill level 5 in Conjurations
  4293 | D:5      | Noticed ThermosAquaticus' ghost (experienced MfSu)
  4338 | D:5      | Killed ThermosAquaticus' ghost
  4338 | D:5      | Reached XP level 8. HP: 49/52 MP: 10/22
  4522 | D:5      | Reached skill level 7 in Spellcasting
  4888 | D:5      | Found a staircase to the Ecumenical Temple.
  5024 | Temple   | Entered the Ecumenical Temple
  5027 | Temple   | Learned a level 1 spell: Summon Butterflies
  5244 | Temple   | Became a worshipper of Sif Muna the Loreminder
  5455 | D:6      | Learned a level 3 spell: Call Canine Familiar
  5988 | D:6      | Noticed Menkaure
  5992 | D:6      | Killed Menkaure
  5992 | D:6      | Acquired Sif Muna's first power
  6010 | D:6      | Learned a level 4 spell: Summon Ice Beast
  6256 | D:6      | Found a stormy altar of Qazlal.
  6262 | D:6      | Reached skill level 5 in Summonings
  6779 | D:7      | Reached XP level 9. HP: 57/57 MP: 8/24
  6873 | D:7      | Noticed Prince Ribbit
  6876 | D:7      | Killed Prince Ribbit
  6962 | D:7      | Acquired Sif Muna's second power
  7360 | D:8      | Reached skill level 8 in Spellcasting
  7367 | D:8      | Noticed Erolcha
  7389 | D:8      | Killed Erolcha
  7509 | D:8      | Reached skill level 9 in Spellcasting
  7821 | D:8      | Gained mutation: You have sharp toenails. [demonic ancestry]
  7821 | D:8      | Reached XP level 10. HP: 54/63 MP: 14/28
  8414 | D:9      | Acquired Sif Muna's third power
  8598 | D:9      | Reached skill level 10 in Spellcasting
  8772 | D:9      | Noticed Dowan
  8773 | D:9      | Noticed Duvessa
  8783 | D:9      | Killed Dowan
  8784 | D:9      | Killed Duvessa
  8804 | D:9      | Learned a level 6 spell: Monstrous Menagerie
  9359 | D:9      | Noticed primenumbers3's ghost (experienced OpFi)
  9379 | D:9      | Killed primenumbers3's ghost
  9796 | D:10     | Entered Level 10 of the Dungeon
 10324 | D:10     | Noticed a hill giant
 10330 | D:10     | Killed a hill giant
 10648 | D:10     | Reached skill level 11 in Spellcasting
 10835 | D:10     | Killed an unseen horror
 11074 | D:10     | Found a staircase to the Lair.
 11128 | D:10     | Noticed a hill giant
 11140 | D:10     | Killed a hill giant
 11246 | D:10     | Gained mutation: You have razor-sharp toenails. [demonic ancestry]
 11246 | D:10     | Reached XP level 11. HP: 68/68 MP: 24/31
 11476 | Lair:1   | Entered Level 1 of the Lair of Beasts
 11978 | Lair:1   | Noticed Joseph
 11994 | Lair:1   | Killed Joseph
 11994 | Lair:1   | Received a gift from Sif Muna
 11997 | Lair:1   | Identified Sif Muna's Disquisition on Conjuration and Ignition {god gift} (Sif Muna gifted it to you on level 1 of the Lair of Beasts)
 12672 | Lair:1   | Was placed under penance by Sif Muna
 12682 | Lair:1   | Learned a level 4 spell: Iskenderun's Mystic Blast
 12864 | Lair:2   | Noticed a four-headed hydra
 12875 | Lair:2   | Killed a four-headed hydra
 13130 | Lair:2   | Noticed Harold
 13138 | Lair:2   | Killed Harold
 13246 | Lair:2   | Found a dark tunnel.
 13253 | Volcano  | Entered a volcano
 13381 | Volcano  | Noticed a hill giant
 13382 | Volcano  | Noticed an ogre mage
 13393 | Volcano  | Reached skill level 5 in Fire Magic
 13394 | Volcano  | Killed a hill giant
 13394 | Volcano  | Was forgiven by Sif Muna
 13397 | Volcano  | Killed an ogre mage
 13457 | Volcano  | Found a burning altar of Makhleb.
 13535 | Volcano  | Got a pair of ichor-stained boots
 13587 | Volcano  | Identified the cursed -1 pair of boots of Kisosog {Str-2 Int-2} (You found it in a volcano)
 14057 | Lair:3   | Got a pair of pitted gloves
 14065 | Lair:3   | Identified the Collected Works on Captivating Calling
 14092 | Lair:3   | Reached skill level 12 in Spellcasting
 14099 | Lair:3   | Learned a level 5 spell: Summon Demon
 14146 | Lair:3   | Found a staircase to the Snake Pit.
 14343 | Lair:3   | Noticed Rupert
 14350 | Lair:3   | Killed Rupert
 14350 | Lair:3   | Reached skill level 10 in Summonings
 14844 | Lair:4   | Identified the +0 pair of gloves of Follow the Leader {Str+4 Stlth+} (You found it on level 3 of the Lair of Beasts)
 15001 | Lair:4   | Reached XP level 12. HP: 74/74 MP: 6/32
 15205 | Lair:4   | Found a staircase to the Shoals.
 16077 | Lair:5   | Received a gift from Sif Muna
 16092 | Lair:5   | Identified Sif Muna's Tome of the Escort {god gift} (Sif Muna gifted it to you on level 5 of the Lair of Beasts)
 16831 | Lair:6   | Reached skill level 13 in Spellcasting
 16886 | Lair:6   | Noticed a five-headed hydra
 16892 | Lair:6   | Killed a five-headed hydra
 17547 | Lair:7   | Noticed a seven-headed hydra
 17554 | Lair:7   | Killed a seven-headed hydra
 17583 | Lair:7   | Learned a level 4 spell: Summon Lightning Spire
 17768 | Lair:7   | Noticed a five-headed hydra
 17792 | Lair:7   | Noticed a six-headed hydra
 17792 | Lair:7   | Killed a five-headed hydra
 17796 | Lair:7   | Killed a six-headed hydra
 18240 | Lair:8   | Entered Level 8 of the Lair of Beasts
 18454 | Lair:8   | Received a gift from Sif Muna
 18718 | Lair:8   | Found a staircase to the Slime Pits.
 18862 | Lair:8   | Noticed an eight-headed hydra
 18869 | Lair:8   | Killed an eight-headed hydra
 18896 | Lair:8   | Gained mutation: You are partially covered in large bone plates (AC +2, SH +2). [demonic ancestry]
 18896 | Lair:8   | Reached XP level 13. HP: 69/79 MP: 19/34
 19192 | Lair:8   | Noticed a seven-headed hydra
 19203 | Lair:8   | Killed a seven-headed hydra
 19344 | Lair:8   | Reached skill level 14 in Spellcasting
 19689 | Lair:8   | Noticed a six-headed hydra
 19698 | Lair:8   | Killed a six-headed hydra
 20411 | Lair:2   | Noticed ThermosAquaticus' ghost (experienced MfSu)
 20423 | Lair:2   | Killed ThermosAquaticus' ghost
 20792 | D:11     | Found a staircase to the Orcish Mines.
 20814 | D:11     | Received a gift from Sif Muna
 20815 | D:11     | Identified Sif Muna's Handbook of Burning Combat Magic {god gift} (Sif Muna gifted it to you on level 11 of the Dungeon)
 21083 | D:11     | Found Ruqefy's Jewellery Shop.
 21787 | Orc:1    | Entered Level 1 of the Orcish Mines
 21821 | Orc:1    | Found Phuynof's Gadget Shoppe.
 22620 | Orc:2    | Found a radiant altar of Vehumet.
 22895 | Orc:2    | Found Afumuvuu's Antique Weapon Shoppe.
 22939 | Orc:2    | Bought a twisted flail for 246 gold pieces
 22940 | Orc:2    | Identified the +4 flail "Qadiubus" {crush, Noisy Str+3} (You bought it in a shop on level 2 of the Orcish Mines)
 22981 | Orc:2    | Found a roughly hewn altar of Beogh.
 23268 | Orc:3    | Noticed Psyche
 23274 | Orc:3    | Killed Psyche
 23358 | Orc:3    | Noticed Donald
 23366 | Orc:3    | Killed Donald
 23914 | Orc:4    | Entered Level 4 of the Orcish Mines
 23924 | Orc:4    | Reached skill level 15 in Spellcasting
 24017 | Orc:4    | Found a roughly hewn altar of Beogh.
 24152 | Orc:4    | Found a roughly hewn altar of Beogh.
 24156 | Orc:4    | Found Twaph's Gadget Emporium.
 24255 | Orc:4    | Found a burning altar of Makhleb.
 24316 | Orc:4    | Found a staircase to the Elven Halls.
 24378 | Orc:4    | Found a roughly hewn altar of Beogh.
 24694 | Orc:4    | Found a roughly hewn altar of Beogh.
 24727 | Orc:4    | Found Klewny's Weapon Boutique.
 24743 | Orc:4    | Bought the +3 falchion "Globulus" {slice, +Blink MR+ SInv} for 649 gold pieces
 24911 | Orc:4    | Noticed an orc warlord
 24916 | Orc:4    | Killed an orc warlord
 25010 | Orc:4    | Found Potwio's Antique Armour Shoppe.
 25010 | Orc:4    | Found a roughly hewn altar of Beogh.
 25014 | Orc:4    | Found Fubismekh's Antique Weapon Emporium.
 25025 | Orc:4    | Bought a polished helmet for 323 gold pieces
 25037 | Orc:4    | Identified the +1 helmet of the Earth {Stlth++} (You bought it in a shop on level 4 of the Orcish Mines)
 25054 | Orc:4    | Bought a polished mace for 200 gold pieces
 25054 | Orc:4    | Bought a shimmering whip for 187 gold pieces
 25064 | Orc:4    | Identified the cursed +0 mace "Cliestriu" {antimagic, rF+} (You bought it in a shop on level 4 of the Orcish Mines)
 25066 | Orc:4    | Identified the +8 whip of Blind Justice {antimagic, rPois rF+ Dex+4} (You bought it in a shop on level 4 of the Orcish Mines)
 25537 | D:10     | Noticed a hill giant
 25543 | D:10     | Killed a hill giant
 26655 | D:13     | Gained mutation: When low on magic, you restore magic in place of health. [demonic ancestry]
 26655 | D:13     | Reached XP level 14. HP: 85/85 MP: 8/36
 26681 | D:13     | Found a gate to the Vaults.
 27047 | Lair:1   | Learned a level 7 spell: Summon Greater Demon
 27278 | D:13     | Found a glowing golden altar of the Shining One.
 27316 | D:13     | Found a burning altar of Makhleb.
 27325 | D:13     | Found a stormy altar of Qazlal.
 27363 | D:13     | Found a shadowy altar of Dithmenos.
 27388 | D:13     | Found an ancient bone altar of Kikubaaqudgha.
 27433 | D:13     | Found a blossoming altar of Fedhas.
 27920 | D:13     | Received a gift from Sif Muna
 28199 | D:14     | Noticed a Shadow Fiend
 28229 | D:14     | Found a shadowy altar of Dithmenos.
 28236 | D:14     | Killed a Shadow Fiend
 28261 | D:14     | Noticed an Ice Fiend
 29222 | D:14     | Slain by a sun demon

Action                   |  1- 3 |  4- 6 |  7- 9 | 10-12 | 13-15 || total
-------------------------+-------+-------+-------+-------+-------++-------
Melee: Dagger            |       |     3 |     5 |       |       ||     8
       Cutlass           |       |       |     6 |    47 |       ||    53
       Staff             |       |       |       |    90 |   136 ||   226
       Falchion          |       |       |       |       |    66 ||    66
       Whip              |       |       |       |       |    10 ||    10
       Flail             |       |       |       |       |     5 ||     5
 Fire: Blowgun           |       |    42 |    55 |       |       ||    97
Throw: Tomahawk          |    53 |     5 |       |       |       ||    58
       Throwing net      |     1 |     1 |       |       |       ||     2
 Cast: Flame Tongue      |    34 |    59 |   135 |   167 |       ||   395
       Throw Flame       |       |    15 |    67 |    67 |       ||   149
       Conjure Flame     |       |    14 |    24 |    24 |       ||    62
       Call Canine Famil |       |       |     6 |       |       ||     6
       Inner Flame       |       |       |    12 |    12 |       ||    24
       Summon Ice Beast  |       |       |     6 |    62 |     6 ||    74
       Fireball          |       |       |     2 |       |       ||     2
       Monstrous Menager |       |       |       |   107 |   104 ||   211
       Iskenderun's Myst |       |       |       |    27 |     2 ||    29
       Summon Demon      |       |       |       |    33 |   173 ||   206
       Summon Lightning  |       |       |       |    12 |     2 ||    14
       Summon Greater De |       |       |       |       |     6 ||     6
Invok: Channel Energy    |       |       |       |     6 |     2 ||     8
Evoke: Wand              |       |       |     5 |     6 |     5 ||    16
  Use: Potion            |     4 |     1 |     1 |       |     3 ||     9
       Scroll            |       |     9 |     8 |    18 |     7 ||    42
 Stab: Sleeping          |       |     2 |     5 |       |     3 ||    10
       Distracted        |       |       |     1 |       |     1 ||     2
  Eat: Chunk             |     3 |     6 |     9 |    39 |    49 ||   106
       Beef jerky        |       |     1 |     1 |     4 |     1 ||     7
       Pizza             |       |       |     1 |     1 |       ||     2
       Fruit             |       |       |     2 |    28 |     5 ||    35
       Royal jelly       |       |       |       |       |     2 ||     2
